TOP OF THE 1ST |
Albuquerque Isotopes batting - Pitching for Louisville Bats : RHP Roberto Cortez
|
Pitching: RHP Roberto Cortez
|
|
Batting: RHB Joe LaDue
|
0-0: SINGLE (Line Drive, 9LS, EV 108.8 MPH)
|
Batting: SHB Jamel Wright
|
0-0: Fielders Choice at 2nd, 4-6 (Groundball, 4, EV 86.9 MPH)
|
Batting: LHB Alfredo de la Cruz
|
0-0: Swinging Strike 0-1: Foul Ball, location: 2F 0-2: Ball 1-2: Foul Ball, location: 2F 1-2: DOUBLE (Line Drive, 78D, EV 110.0 MPH) Jamel Wright to third Runner from 3rd tries for Home, throw by LF and OUT! 7-6-2
|
Batting: LHB Chad Persaud
|
0-0: Swinging Strike 0-1: Foul Ball, location: 2F 0-2: Ball 1-2: Strikes out looking
|
Top of the 1st over - 0 runs, 2 hits, 0 errors, 1 left on base; Albuquerque 0 - Louisville 0 |
BOTTOM OF THE 1ST |
Louisville Bats batting - Pitching for Albuquerque Isotopes : LHP Angel Contreras
|
Pitching: LHP Angel Contreras
|
|
Batting: RHB Won-jun Park
|
0-0: SINGLE (Groundball, 6D, EV 95.6 MPH)
|
Batting: RHB Ryan Short
|
0-0: Hit by Pitch Won-jun Park to second
|
Batting: LHB Randy Racine
|
0-0: Ball 1-0: Fielders Choice at 2nd, 6-4 (Groundball, 6M, EV 81.9 MPH) Won-jun Park to third
|
Batting: RHB Chase Briney
|
0-0: Called Strike 0-1: Ball 1-1: Ball 2-1: Ball 3-1: Grounds into double play, 6-4-3 (Groundball, 6M, EV 83.8 MPH)
|
Bottom of the 1st over - 0 runs, 1 hit, 0 errors, 1 left on base; Albuquerque 0 - Louisville 0 |
TOP OF THE 2ND |
Albuquerque Isotopes batting - Pitching for Louisville Bats : RHP Roberto Cortez
|
Batting: RHB Eddie McCoy
|
0-0: Ball 1-0: Ball 2-0: Called Strike 2-1: Ball 3-1: Foul Ball, location: 2F 3-2: Strikes out swinging
|
Batting: LHB Pablo Cardona
|
0-0: Ground out U3 (Groundball, 34, EV 90.0 MPH)
|
Batting: RHB Mike Ball
|
0-0: Ball 1-0: Foul Ball, location: 2F 1-1: Foul Ball, location: 2F 1-2: Ground out 6-3 (Groundball, P, EV 87.5 MPH)
|
Top of the 2nd over - 0 runs, 0 hits, 0 errors, 0 left on base; Albuquerque 0 - Louisville 0 |
BOTTOM OF THE 2ND |
Louisville Bats batting - Pitching for Albuquerque Isotopes : LHP Angel Contreras
|
Batting: SHB Greg Prime
|
0-0: Called Strike 0-1: Ball 1-1: Called Strike 1-2: Foul Ball, location: 2F 1-2: Strikes out looking
|
Batting: LHB Satoru Handa
|
0-0: Ground out 5-3 (Groundball, 56S, EV 85.6 MPH)
|
Batting: RHB Dave Ruiz
|
0-0: Ball 1-0: Swinging Strike 1-1: Swinging Strike 1-2: Foul Ball, location: 2F 1-2: Fly out, F7 (Flyball, 7D, EV 105.6 MPH)
|
Bottom of the 2nd over - 0 runs, 0 hits, 0 errors, 0 left on base; Albuquerque 0 - Louisville 0 |
TOP OF THE 3RD |
Albuquerque Isotopes batting - Pitching for Louisville Bats : RHP Roberto Cortez
|
Batting: RHB Bobby Heagle
|
0-0: Ball 1-0: Ball 2-0: Ball 3-0: Base on Balls
|
Batting: SHB Josh Schultze
|
0-0: Foul Ball, location: 2F 0-1: Fielders Choice at 2nd, 3-6 (Groundball, 3, EV 103.8 MPH)
|
Batting: RHB Joe LaDue
|
0-0: Foul Ball, location: 2F 0-1: Ball 1-1: Ball 2-1: Fly out, F9 (Flyball, 89M, EV 93.1 MPH)
|
Batting: SHB Jamel Wright
|
0-0: Fly out, F9 (Flyball, 9S, EV 92.5 MPH)
|
Top of the 3rd over - 0 runs, 0 hits, 0 errors, 1 left on base; Albuquerque 0 - Louisville 0 |
BOTTOM OF THE 3RD |
Louisville Bats batting - Pitching for Albuquerque Isotopes : LHP Angel Contreras
|
Batting: RHB Colin Lord
|
0-0: Called Strike 0-1: DOUBLE (Flyball, 8RXD, EV 96.9 MPH)
|
Batting: RHB Matt Silva
|
0-0: Ball 1-0: Swinging Strike 1-1: Called Strike 1-2: Ground out 6-3 (Groundball, 6, EV 79.4 MPH) Colin Lord to third
|
Batting: RHB Won-jun Park
|
0-0: Called Strike 0-1: Foul Ball, location: 2F 0-2: SINGLE (Popup, 6MD, EV 61.2 MPH) Colin Lord scores
|
Batting: RHB Ryan Short
|
0-0: Called Strike 0-1: Ball 1-1: Ball 2-1: Grounds into double play, 6-4-3 (Groundball, 6, EV 78.8 MPH)
|
Bottom of the 3rd over - 1 run, 2 hits, 0 errors, 0 left on base; Albuquerque 0 - Louisville 1 |
TOP OF THE 4TH |
Albuquerque Isotopes batting - Pitching for Louisville Bats : RHP Roberto Cortez
|
Batting: LHB Alfredo de la Cruz
|
0-0: Ball 1-0: Ground out 6-3 (Groundball, P, EV 90.0 MPH)
|
Batting: LHB Chad Persaud
|
0-0: Called Strike 0-1: Ground out 4-3 (Groundball, 4S, EV 63.1 MPH)
|
Batting: RHB Eddie McCoy
|
0-0: Foul Ball, location: 2F 0-1: Ground out 6-3 (Groundball, 6M, EV 108.8 MPH)
|
Top of the 4th over - 0 runs, 0 hits, 0 errors, 0 left on base; Albuquerque 0 - Louisville 1 |
BOTTOM OF THE 4TH |
Louisville Bats batting - Pitching for Albuquerque Isotopes : LHP Angel Contreras
|
Batting: LHB Randy Racine
|
0-0: Ball 1-0: Called Strike 1-1: Ball 2-1: SOLO HOME RUN (Flyball, 9D, EV 95.6 MPH), Distance : 362 ft
|
Batting: RHB Chase Briney
|
0-0: Called Strike 0-1: Called Strike 0-2: Foul Ball, location: 2F 0-2: Strikes out swinging
|
Batting: SHB Greg Prime
|
0-0: Foul Ball, location: 2F 0-1: Foul Ball, location: 2F 0-2: Ground out 5-3 (Groundball, 56, EV 75.0 MPH)
|
Batting: LHB Satoru Handa
|
0-0: Called Strike 0-1: Ball 1-1: Ball 2-1: Ground out 1-3 (Groundball, 13S, EV 70.0 MPH)
|
Bottom of the 4th over - 1 run, 1 hit, 0 errors, 0 left on base; Albuquerque 0 - Louisville 2 |
TOP OF THE 5TH |
Albuquerque Isotopes batting - Pitching for Louisville Bats : RHP Roberto Cortez
|
Batting: LHB Pablo Cardona
|
0-0: Called Strike 0-1: Swinging Strike 0-2: Strikes out swinging
|
Batting: RHB Mike Ball
|
0-0: Ball 1-0: Fly out, F8 (Flyball, 8LD, EV 110.0 MPH)
|
Batting: RHB Bobby Heagle
|
0-0: Called Strike 0-1: Foul Ball, location: 2F 0-2: Ball 1-2: Ball 2-2: Ball 3-2: Ground out 6-3 (Groundball, 6S, EV 88.1 MPH)
|
Top of the 5th over - 0 runs, 0 hits, 0 errors, 0 left on base; Albuquerque 0 - Louisville 2 |
BOTTOM OF THE 5TH |
Louisville Bats batting - Pitching for Albuquerque Isotopes : LHP Angel Contreras
|
Batting: RHB Dave Ruiz
|
0-0: Ball 1-0: Ball 2-0: Ball 3-0: Base on Balls
|
Batting: RHB Colin Lord
|
0-0: Called Strike 0-1: Ball 1-1: Called Strike 1-2: Grounds into double play, 6-4-3 (Groundball, 6, EV 88.1 MPH)
|
Batting: RHB Matt Silva
|
0-0: Foul Ball, location: 2F 0-1: Ground out 6-3 (Groundball, 6MS, EV 90.6 MPH)
|
Bottom of the 5th over - 0 runs, 0 hits, 0 errors, 0 left on base; Albuquerque 0 - Louisville 2 |
TOP OF THE 6TH |
Albuquerque Isotopes batting - Pitching for Louisville Bats : RHP Roberto Cortez
|
Batting: SHB Josh Schultze
|
0-0: Ball 1-0: Swinging Strike 1-1: Ball 2-1: Ball 3-1: Base on Balls
|
Batting: RHB Joe LaDue
|
0-0: Swinging Strike 0-1: Ball 1-1: Grounds into double play, 6-4-3 (Groundball, 6, EV 102.5 MPH)
|
Batting: SHB Jamel Wright
|
0-0: Called Strike 0-1: DOUBLE (Line Drive, 7LS, EV 100.0 MPH)
|
Batting: LHB Alfredo de la Cruz
|
0-0: Called Strike 0-1: Ball 1-1: Foul Ball, location: 2F 1-2: Ball 2-2: Strikes out looking
|
Top of the 6th over - 0 runs, 1 hit, 0 errors, 1 left on base; Albuquerque 0 - Louisville 2 |
BOTTOM OF THE 6TH |
Louisville Bats batting - Pitching for Albuquerque Isotopes : LHP Angel Contreras
|
Batting: RHB Won-jun Park
|
0-0: Ball 1-0: Ball 2-0: Ball 3-0: Called Strike 3-1: Called Strike 3-2: SINGLE (Line Drive, 78S, EV 97.5 MPH)
|
Batting: RHB Ryan Short
|
0-0: Foul Ball, location: 2F 0-1: Ball 1-1: Swinging Strike 1-2: Foul Ball, location: 2F 1-2: Strikes out swinging
|
Batting: LHB Randy Racine
|
0-0: Called Strike 0-1: Ball 1-1: Swinging Strike 1-2: Ball 2-2: Strikes out swinging
|
Batting: RHB Chase Briney
|
0-0: Called Strike 0-1: Ball 1-1: Called Strike Won-jun Park is caught stealing 2nd base 2-4
|
Bottom of the 6th over - 0 runs, 1 hit, 0 errors, 0 left on base; Albuquerque 0 - Louisville 2 |
TOP OF THE 7TH |
Albuquerque Isotopes batting - Pitching for Louisville Bats : RHP Roberto Cortez
|
Batting: LHB Chad Persaud
|
0-0: Ball 1-0: Called Strike 1-1: SINGLE (Groundball, 4MD, EV 102.5 MPH)
|
Batting: RHB Eddie McCoy
|
0-0: Ball Chad Persaud steals 2nd base 1-0: Called Strike 1-1: Ball 2-1: Called Strike 2-2: Strikes out looking
|
Batting: LHB Pablo Cardona
|
0-0: DOUBLE (Flyball, 8RXD, EV 103.1 MPH) Chad Persaud scores
|
Batting: RHB Mike Ball
|
0-0: Called Strike 0-1: Ball 1-1: Foul Ball, location: 2F 1-2: Ball 2-2: Ground out 6-3 (Groundball, 6M, EV 86.9 MPH) Pablo Cardona to third
|
Pinch Hitting: LHB Gabe Harvey
|
0-0: Called Strike 0-1: Foul Ball, location: 2F 0-2: Ground out 4-3 (Groundball, 4, EV 93.1 MPH)
|
Top of the 7th over - 1 run, 2 hits, 0 errors, 1 left on base; Albuquerque 1 - Louisville 2 |
BOTTOM OF THE 7TH |
Louisville Bats batting - Pitching for Albuquerque Isotopes : LHP Angel Contreras
|
Now at 2B: Nick Cummings
|
|
Batting: RHB Chase Briney
|
0-0: Ball 1-0: Fly out, F9 (Flyball, 89M, EV 92.5 MPH)
|
Batting: SHB Greg Prime
|
0-0: Called Strike 0-1: Ground out 1-3 (Groundball, 13, EV 68.8 MPH)
|
Batting: LHB Satoru Handa
|
0-0: Ball 1-0: Called Strike 1-1: Called Strike 1-2: Foul Ball, location: 2F 1-2: Ball 2-2: Foul Ball, location: 2F 2-2: Foul Ball, location: 2F 2-2: SINGLE (Groundball, 34D, EV 108.1 MPH)
|
Pitching: RHP Jon Turman
|
|
Batting: RHB Dave Ruiz
|
0-0: Called Strike 0-1: Hit by Pitch Satoru Handa to second
|
Batting: RHB Colin Lord
|
0-0: Swinging Strike 0-1: Called Strike 0-2: Ball 1-2: Strikes out swinging
|
Bottom of the 7th over - 0 runs, 1 hit, 0 errors, 2 left on base; Albuquerque 1 - Louisville 2 |
TOP OF THE 8TH |
Albuquerque Isotopes batting - Pitching for Louisville Bats : RHP Roberto Cortez
|
Batting: SHB Josh Schultze
|
0-0: Ball 1-0: Called Strike 1-1: Called Strike 1-2: Ball 2-2: Strikes out swinging
|
Pitching: RHP Joaquin Villalobos
|
|
Batting: RHB Joe LaDue
|
0-0: Foul Ball, location: 2F 0-1: Foul Ball, location: 2F 0-2: Ball 1-2: Ball 2-2: Foul Ball, location: 2F 2-2: Ball 3-2: Fly out, F8 (Flyball, 8LD, EV 95.6 MPH)
|
Batting: SHB Jamel Wright
|
0-0: Called Strike 0-1: Fly out, F7 (Line Drive, 7S, EV 96.2 MPH)
|
Top of the 8th over - 0 runs, 0 hits, 0 errors, 0 left on base; Albuquerque 1 - Louisville 2 |
BOTTOM OF THE 8TH |
Louisville Bats batting - Pitching for Albuquerque Isotopes : RHP Jon Turman
|
Batting: RHB Matt Silva
|
0-0: Ground out 6-3 (Groundball, 6M, EV 103.1 MPH)
|
Batting: RHB Won-jun Park
|
0-0: Foul Ball, location: 2F 0-1: Ball 1-1: Ball 2-1: Ground out 2-3 (Groundball, 2L, EV 66.2 MPH)
|
Batting: RHB Ryan Short
|
0-0: SINGLE (Flyball, 5D, EV 85.0 MPH)
|
Batting: LHB Randy Racine
|
0-0: Swinging Strike 0-1: Fielders Choice at 2nd, 5-4 (Groundball, 6, EV 106.9 MPH)
|
Bottom of the 8th over - 0 runs, 1 hit, 0 errors, 1 left on base; Albuquerque 1 - Louisville 2 |
TOP OF THE 9TH |
Albuquerque Isotopes batting - Pitching for Louisville Bats : RHP Joaquin Villalobos
|
Pitching: RHP Tim Beck
|
|
Batting: LHB Alfredo de la Cruz
|
0-0: Fly out, F9 (Flyball, 89M, EV 85.6 MPH)
|
Batting: LHB Chad Persaud
|
0-0: Fly out, F7 (Flyball, 7LSF, EV 83.1 MPH)
|
Batting: RHB Eddie McCoy
|
0-0: Swinging Strike 0-1: Ball 1-1: Swinging Strike 1-2: Ball 2-2: Foul Ball, location: 2F 2-2: Ball 3-2: Fly out, F4 (Flyball, 4D, EV 83.8 MPH)
|
Top of the 9th over - 0 runs, 0 hits, 0 errors, 0 left on base; Albuquerque 1 - Louisville 2 |
|